 Dungeon Crawl Stone Soup version 0.32-a0-290-g598725c5f2 (webtiles) character file.

Game seed: 17259029617765879962

7387 PrincessEmiBear the Skirmisher (level 11, -1/63 HPs)
             Began as a Gargoyle Hunter on Feb 13, 2024.
             Was an Elder of Hepliaklqana.
             Slain by Erolcha
             ... wielding a +0 giant spiked club
              (18 damage)
             ... on level 9 of the Dungeon.
             The game lasted 00:37:25 (10070 turns).

PrincessEmiBear the Skirmisher (Gargoyle Hunter)   Turns: 10070, Time: 00:37:25

Health: -1/63      AC: 25    Str: 21    XL:     11   Next: 14%
Magic:  11/11      EV:  8    Int: 10    God:    Hepliaklqana [****..]
Gold:   353        SH:  0    Dex: 20    Spells: 10/10 levels left

rFire   . . .        i - +2 sling (elec)
rCold   . . .        (no shield)
rNeg    + . .        C - +0 plate armour "Timn" {-Tele Rampage Dex+3}
rPois   ∞            (helmet restricted)
rElec   +            c - +1 cloak
rCorr   .            n - +0 pair of gloves
SInv    .            (no boots)
Will    .....        (no amulet) Stlth
                     l - +6 ring of strength
HPRegen 0.30/turn    q - ring of flight
MPRegen 0.12/turn

%: no teleportation, rampage
@: flying
A: reduced essence, sickness immunity, AC +8, negative energy resistance 1,
electricity resistance, torment resistance 1, petrification resistance, horns 1
a: Renounce Religion, Recall Ancestor, Ancestor Identity, Transference, Idealise


You were on level 9 of the Dungeon.
You worshipped Hepliaklqana.
Hepliaklqana was greatly pleased with you.
You visited 2 branches of the dungeon, and saw 11 of its levels.
You also visited: Sewer.

You collected 723 gold pieces.
You spent 370 gold pieces at shops.

Inventory:

Hand Weapons
 i - a +2 sling of electrocution (weapon)
 t - a +7 dagger of freezing
 F - a +0 orcbow
Missiles
 j - 2 throwing nets
Armour
 c - a +1 cloak (worn)
 g - the +1 helmet of Pantheism {Rampage rF- Str+3}
   (You took it off Robin on level 3 of the Dungeon)

   Str+3:     It affects your strength (+3).
   rF-:       It makes you vulnerable to fire.
   Rampage:   It bestows one free step when moving towards enemies.
 n - a +0 pair of gloves (worn)
 C - the +0 plate armour "Timn" (worn) {-Tele Rampage Dex+3}
   (You found it on level 9 of the Dungeon)

   Dex+3:     It affects your dexterity (+3).
   -Tele:     It prevents most forms of teleportation.
   Rampage:   It bestows one free step when moving towards enemies.
Jewellery
 l - a +6 ring of strength (left hand)
 o - a ring of ice
 q - a ring of flight (right hand)
Wands
 s - a wand of flame (42)
 w - a wand of acid (21)
 z - a wand of roots (12)
Scrolls
 b - a scroll of butterflies
 e - 2 scrolls of teleportation
 k - a scroll of revelation
 p - 2 scrolls of identify
 r - 2 scrolls of immolation
 u - 3 scrolls of enchant armour
 v - a scroll of silence
 E - a scroll of amnesia
Potions
 a - 3 potions of curing
 d - a potion of invisibility
 f - 2 potions of magic
 h - 3 potions of enlightenment
 m - a potion of cancellation
 x - 3 potions of might
 A - 2 potions of ambrosia
 B - a potion of heal wounds
Miscellaneous
 D - a phial of floods


   Skills:
 + Level 9.2 Fighting
 + Level 13.0 Ranged Weapons
 + Level 8.2 Armour
 + Level 2.6 Dodging
 + Level 1.7 Stealth


You had 10 spell levels left.
You didn't know any spells.
Your spell library contained the following spells:

 Spells                   Type           Power      Damage    Failure   Level
 Blink                    Tloc           0%         N/A       100%        2
 Lesser Beckoning         Tloc           0%         N/A       100%        2
 Momentum Strike          Conj/Tloc      0%         3d8       100%        2
 Dazzling Flash           Conj/Hex       0%         N/A       100%        3
 Mephitic Cloud           Conj/Alch/Air  0%         N/A       100%        3
 Volatile Blastmotes      Fire/Tloc      0%         2d10      100%        3
 Anguish                  Hex/Necr       0%         N/A       100%        4
 Cause Fear               Hex            0%         N/A       100%        4
 Fulminant Prism          Conj/Alch      0%         3d5       100%        4
 Ignite Poison            Fire/Alch      0%         N/A       100%        4
 Iskenderun's Mystic Bla  Conj/Tloc      0%         2d3       100%        4
 Curse of Agony           Necr           0%         N/A       100%        5
 Freezing Cloud           Conj/Ice/Air   0%         6-21      100%        5
 Silence                  Hex/Air        0%         N/A       100%        5
 Enfeeble                 Hex            0%         N/A       100%        7
 Cigotuvi's Dreadful Rot  Necr/Alch/Air  Unusable   N/A       N/A         2

Dungeon Overview and Level Annotations

Branches:
Dungeon (10/15)            Temple (0/1) D:6             Orc (1/2) D:9
  Sewer (visited)
   Lair: D:8-11

Altars:
Ashenzari
Cheibriados
Dithmenos
Hepliaklqana
Kikubaaqudgha
Ru
Sif Muna
Vehumet
Yredelemnul
Zin
The Shining One

Shops:
D:6 =?*[   D:7 *

Annotations:
D:9 Erolcha


Innate Abilities, Weirdness & Mutations

Your life essence is reduced to manifest your ancestor. (-10% HP)
You are immune to sickness and miasma.
Your stone body is resilient. (AC +8)
You are immune to poison.
You resist negative energy. (rN+)
You are resistant to electric shocks. (rElec)
You are resistant to unholy torment.
You are immune to petrification.
You have a pair of small horns on your head.


Message History

Beogh smites you!
The orc warlord roars a battlecry!
Erolcha mumbles some strange words.
Erolcha blinks!
Vesus hits the troll with a +0 flail!
You hear a shout! x2
The air fills with toxic fumes!
As you read the scroll of poison, it crumbles to dust.
Vesus blocks the orc wizard's attack.
The orc wizard casts a spell.
The orc wizard flickers and vanishes!
Deactivating autopickup; reactivate with Ctrl-A.
Vesus closely misses the orc wizard.
You shoot a sling bullet.
The sling bullet closely misses the troll.
Vesus blocks the orc wizard's attack.
Erolcha points at you and mumbles some strange words.
The fireball explodes!
The fireball engulfs you!!
The orc warlord is engulfed in poison gas.
The orc warlord is poisoned.
The orc wizard casts a spell.
The orc wizard flickers and vanishes!
The orc priest looks braver for a moment.
The orc warlord is engulfed in poison gas.
The orc warlord looks even sicker.
Vesus hits something with a +0 flail!
Reactivating autopickup.
You feel a bit more experienced.
An orc wizard comes into view. It is wielding a +0 dagger.
Okay, then.
Okay, then.
The orc warlord is engulfed in poison gas.
The orc warlord looks even sicker.
Erolcha is engulfed in poison gas.
Erolcha is poisoned.
Erolcha closely misses you.
You fly upwards.
Welcome back to the Dungeon!
There is a staircase to the Orcish Mines here.
Erolcha attacks as she pursues you!
Erolcha hits you with a +0 giant spiked club!!
* * * LOW HITPOINT WARNING * * *
Erolcha looks more healthy.
Erolcha attacks as she pursues you!
Erolcha hits you with a +0 giant spiked club!!
You die...
Hepliaklqana delivers you to your ancestors.

###
#>######################
#.....O@.........)......
######################.#
#.. ###


You could see Erolcha.

Vanquished Creatures
  A boulder beetle (D:7)
  The ghost of hikkokomori the Ruffian, a novice TrFi (D:4)
  2 hornets
  Grinder (D:5)
  2 wyverns
  A water moccasin (D:7)
  5 orc warriors
  A black bear (D:7)
  4 ogres
  2 centaurs
  A phantom (D:7)
  5 kobold brigands
  A brain worm (Sewer)
  Blork the orc (D:6)
  2 bullfrogs (D:7)
  2 scorpions
  4 wights
  Dowan (D:4)
  5 killer bees (D:9)
  5 howler monkeys
  An electric eel (D:7)
  Crazy Yiuf (D:6)
  A bombardier beetle (D:7)
  2 orc priests (D:8)
  A hound (D:6)
  3 jellies
  A sleepcap (D:7)
  2 iguanas
  8 orc wizards
  Robin (D:3)
  10 gnolls
  7 adders
  4 river rats (Sewer)
  A shadow imp (D:6)
  2 white imps
  2 ufetubi (D:6)
  3 dart slugs
  3 ribbon worms
  30 orcs
  7 ball pythons
  12 bats
  7 giant cockroaches
  28 goblins
  17 hobgoblins
  4 jackals
  10 quokkas
  6 frilled lizards
  21 kobolds
  5 rats
247 creatures vanquished.

Vanquished Creatures (collateral kills)
  A troll (D:10)
  Duvessa (D:4)
  2 sky beasts
  2 ice beasts
  3 ogres
  2 bullfrogs
  A wyvern zombie (D:4)
  A wight (D:8)
  A water moccasin skeleton (D:4)
  A killer bee (D:9)
  An electric eel (D:7)
  3 hounds
  An orc priest (D:8)
  2 centaur skeletons (D:4)
  2 iguanas (D:4)
  2 orc wizards
  A killer bee zombie (D:4)
  4 gnolls
  2 adders
  A river rat (Sewer)
  A shadow imp (D:6)
  A white imp (D:8)
  8 orcs
  A ball python (Sewer)
  3 bats (Sewer)
  2 endoplasms (D:4)
  A giant cockroach (Sewer)
  A goblin (D:4)
  A hobgoblin (D:4)
  A jackal (Sewer)
  10 kobolds
  A quokka (Sewer)
  A frilled lizard (Sewer)
66 creatures vanquished.

Vanquished Creatures (others)
  4 knights
4 creatures vanquished.

Grand Total: 317 creatures vanquished

Notes
Turn   | Place    | Note
-------+----------+-------------------------------------------
     0 | D:1      | PrincessEmiBear the Gargoyle Hunter began the quest for the
                  | Orb.
     0 | D:1      | Reached XP level 1. HP: 12/12 MP: 1/1
   113 | D:1      | Reached XP level 2. HP: 17/17 MP: 2/2
   543 | D:1      | Reached XP level 3. HP: 21/21 MP: 3/3
   995 | D:2      | Reached skill level 5 in Ranged Weapons
  1035 | D:2      | Reached skill level 1 in Armour
  1035 | D:2      | Reached XP level 4. HP: 18/27 MP: 4/4
  1180 | D:2      | Found a sacrificial altar of Ru.
  1181 | D:2      | You fall into a shaft and drop 1 floor!
  1187 | D:3      | Identified the +1 helmet of Pantheism {Rampage rF- Str+3}
  1187 | D:3      | Noticed Robin
  1202 | D:3      | Killed Robin
  1261 | D:3      | Found a sacrificial altar of Ru.
  1311 | D:2      | Reached XP level 5. HP: 31/31 MP: 5/5
  1730 | D:2      | Reached skill level 6 in Ranged Weapons
  2087 | D:3      | Reached XP level 6. HP: 37/37 MP: 6/6
  2495 | D:3      | Found a faded altar of an unknown god.
  2806 | D:3      | Prayed at the altar of an unknown god.
  2806 | D:3      | Became a worshipper of Hepliaklqana the Forgotten
  2806 | D:3      | Reached * piety under Hepliaklqana
  2890 | D:4      | Reached skill level 7 in Ranged Weapons
  2913 | D:4      | Reached XP level 7. HP: 37/37 MP: 7/7
  2932 | D:4      | Found a runed translucent gate.
  2932 | D:4      | Found a runed translucent gate.
  2932 | D:4      | Found a runed translucent gate.
  3188 | D:4      | Found a glowing drain.
  3192 | Sewer    | Entered a sewer
  3522 | Sewer    | Reached skill level 5 in Fighting
  3531 | Sewer    | Reached skill level 8 in Ranged Weapons
  3911 | D:4      | Gained mutation: Your body sometimes deteriorates upon
                  | taking damage. [potion of mutation]
  3911 | D:4      | Gained mutation: Your spells are a little harder to cast,
                  | but a little more powerful. [potion of mutation]
  3913 | D:4      | Lost mutation: Your body sometimes deteriorates upon taking
                  | damage. [potion of mutation]
  3913 | D:4      | Lost mutation: Your spells are a little harder to cast, but
                  | a little more powerful. [potion of mutation]
  3913 | D:4      | Gained mutation: Your spells are a little harder to cast,
                  | but a little more powerful. [potion of mutation]
  3913 | D:4      | Gained mutation: You occasionally lose the ability to drink
                  | potions when taking damage. [potion of mutation]
  3914 | D:4      | Lost mutation: Your spells are a little harder to cast, but
                  | a little more powerful. [potion of mutation]
  3914 | D:4      | Lost mutation: You occasionally lose the ability to drink
                  | potions when taking damage. [potion of mutation]
  3914 | D:4      | Gained mutation: You have a pair of small horns on your
                  | head. [potion of mutation]
  3976 | D:4      | Reached XP level 8. HP: 44/44 MP: 8/8
  4081 | D:4      | Noticed hikkokomori's ghost (novice TrFi)
  4133 | D:4      | Reached ** piety under Hepliaklqana
  4134 | D:4      | Remembered your ancestor Vesus as a knight
  4181 | D:4      | Noticed Duvessa
  4181 | D:4      | Noticed Dowan
  4195 | D:4      | Killed Duvessa
  4199 | D:4      | Killed Dowan
  4340 | D:4      | Found a radiant altar of Vehumet.
  4340 | D:4      | Found a shadowy altar of Dithmenos.
  4765 | D:4      | Reached skill level 9 in Ranged Weapons
  4772 | D:4      | Killed hikkokomori's ghost
  4773 | D:4      | Reached XP level 9. HP: 29/49 MP: 9/9
  4875 | D:5      | Entered Level 5 of the Dungeon
  5244 | D:5      | Noticed Grinder
  5248 | D:5      | Killed Grinder
  5249 | D:5      | Reached skill level 10 in Ranged Weapons
  5417 | D:5      | Found an ancient bone altar of Kikubaaqudgha.
  5418 | D:5      | Found a broken altar of Ashenzari.
  5419 | D:5      | Found a glowing silver altar of Zin.
  5420 | D:5      | Found a snail-covered altar of Cheibriados.
  5499 | D:6      | Found Moots's Antique Armour Boutique.
  5504 | D:6      | Reached skill level 5 in Armour
  5625 | D:6      | Found Cupec's General Store.
  5629 | D:6      | Found Ciwkeno's Magic Scroll Shoppe.
  5632 | D:6      | Found Puefag's Jewellery Boutique.
  5637 | D:6      | Bought a scroll of immolation for 52 gold pieces
  5637 | D:6      | Bought 2 scrolls of enchant armour for 195 gold pieces
  5637 | D:6      | Bought a scroll of silence for 123 gold pieces
  5674 | D:6      | Noticed Blork the orc
  5681 | D:6      | Killed Blork the orc
  5753 | D:6      | Found a basalt altar of Yredelemnul.
  5937 | D:6      | Found a staircase to the Ecumenical Temple.
  5937 | D:6      | Reached *** piety under Hepliaklqana
  6053 | D:6      | Found a runed translucent door.
  6054 | D:6      | Noticed Crazy Yiuf
  6196 | D:6      | Killed Crazy Yiuf
  6255 | D:7      | Found Duafuth's General Store.
  6414 | D:7      | Reached skill level 11 in Ranged Weapons
  6484 | D:7      | Noticed a hornet
  6487 | D:7      | Killed a hornet
  6488 | D:7      | Reached XP level 10. HP: 46/57 MP: 10/10
  6543 | D:7      | Found a hazy altar of Hepliaklqana.
  6751 | D:7      | Noticed a boulder beetle
  7197 | D:7      | Killed a boulder beetle
  7554 | D:7      | Reached skill level 12 in Ranged Weapons
  7881 | D:8      | Reached **** piety under Hepliaklqana
  8298 | D:8      | Found a shimmering blue altar of Sif Muna.
  8762 | D:9      | Found a glowing golden altar of the Shining One.
  8838 | D:9      | Identified the +0 plate armour "Timn" {-Tele Rampage Dex+3}
  8937 | D:9      | Reached XP level 11. HP: 63/63 MP: 11/11
  9076 | D:9      | Found a staircase to the Orcish Mines.
  9246 | D:10     | Entered Level 10 of the Dungeon
  9907 | D:10     | Reached skill level 13 in Ranged Weapons
 10057 | Orc:1    | Entered Level 1 of the Orcish Mines
 10057 | Orc:1    | Noticed an orc warlord
 10058 | Orc:1    | Noticed Erolcha
 10070 | D:9      | Slain by Erolcha

Illustrated notes

Levels and vault maps discovered:
D:1:      dpeg_arrival_castle, layout_loops_corners
D:2:      layout_basic, basic_altar
D:3:      cheibrodos_greedy_goblins, layout_basic,
          mainiacjoe_overflow_boulevard, dilly_ecumenical_altar_fadedgnrine,
          uniq_robin
D:4:      minmay_razor_zed, layout_basic, gammafunk_temple_overflow_wave,
          gammafunk_ghost_necromancy,
          mainiacjoe_sewer_entry_somewhere_in_here_2, minmay_ogre_servants,
          uniq_duvessa
D:5:      layout_gridville, mainiacjoe_overflow_alcove_3, uniq_grinder
D:6:      layout_basic, mainiacjoe_overflow_24_doors,
          minmay_temple_entry_glassed_door, serial_shops, nicolae_stop_n_shop_1,
          shop, shop, shop, kennysheep_opposing_triangles,
          uniq_crazy_yiuf_cottage, uniq_blork_the_orc
D:7:      minmay_clustersquares, layout_gridville, lemuel_crystal_altar,
          nicolae_stop_n_shop_2, lightli_minifort
D:8:      layout_basic, kennysheep_little_box
D:9:      layout_gridville, mainiacjoe_overflow_tiny_flanked, orc_0_dummy,
          corexii_checkpoint
D:10:     layout_basic
Orc:1:    layout_caves, serial_shops, shop, uniq_erolcha

Skill      XL: |  1  2  3  4  5  6  7  8  9 10 11 |
---------------+----------------------------------+-----
Ranged Weapons | 5 6 7 8 9 11 12 13 | 13.0
Armour         | 1 2 4 5 7 8 |  8.2
Fighting       | 3 5 6 7 9 |  9.2
Dodging        | 2 |  2.6
Stealth        | |  1.7

Action                     |  1- 3 |  4- 6 |  7- 9 | 10-12 || total
---------------------------+-------+-------+-------+-------++-------
  Melee: Sling             |       |     3 |       |       ||     3
   Fire: Shortbow          |    57 |    55 |       |       ||   112
         Sling             |       |   180 |   325 |   292 ||   797
 Invoke: Recall Ancestor   |       |     1 |       |       ||     1
         Ancestor Identity |       |     1 |       |       ||     1
         Ancestor Life: Kn |       |       |     1 |       ||     1
    Use: Scroll            |     4 |     7 |    10 |     4 ||    25
         Potion            |       |     1 |     8 |     2 ||    11
 Armour: Leather armour    |     3 |       |       |       ||     3
         Ring mail         |     5 |    38 |       |       ||    43
         Skin              |       |    37 |       |       ||    37
         Chain mail        |       |    92 |   118 |   125 ||   335
         Plate armour      |       |       |       |    32 ||    32
  Dodge: Dodged            |     6 |    64 |    70 |    62 ||   202

Table legend: (Time is in decaauts)
 A = Elapsed time spent in this place.
 B = Non-inter-level travel time spent in this place.
 C = Inter-level travel time spent in this place.
 D = Time resting spent in this place.
 E = Time spent auto-exploring this place.
 F = Levels seen in this place.
 G = Mean time per level.
                   A        B        C        D        E       F      G
               +--------+--------+--------+--------+--------+-----+--------+
         Total |  10471 |  10053 |    418 |      0 |   7756 |  12 |  872.6 |
       Dungeon |   9539 |   9122 |    417 |      0 |   7197 |  10 |  953.9 |
  Orcish Mines |      7 |      7 |      0 |      0 |      0 |   1 |    7.0 |
         Sewer |    924 |    924 |      0 |      0 |    559 |   1 |  924.0 |
               +--------+--------+--------+--------+--------+-----+--------+

Top non-repeatable levels by time:
     D:7: 1558 daAuts
     D:4: 1390 daAuts
     D:3: 1089 daAuts
     D:1: 948 daAuts
   Sewer: 924 daAuts
     D:2: 870 daAuts
     D:8: 790 daAuts
     D:6: 767 daAuts
     D:9: 750 daAuts
    D:10: 745 daAuts
     D:5: 628 daAuts
   Orc:1: 7 daAuts
